 Seeded DCSS version 0.30-a0-918-g0ff054e9dc (webtiles) character file.

Game seed: 8365755735312380830 (custom seed)

33 a11behringer the Slasher (level 3, 0/30 HPs)
             Began as a Minotaur Gladiator on Mar 20, 2023.
             Slain by a goblin
             ... wielding a +0 club
             ... led by Robin
              (3 damage)
             ... on level 2 of the Dungeon.
             The game lasted 00:02:12 (821 turns).

a11behringer the Slasher (Minotaur Gladiator)        Turns: 821, Time: 00:02:13

Health: 0/30       AC: 11    Str: 18    XL:     3   Next: 12%
Magic:  2/2        EV:  6    Int:  5    God:
Gold:   11         SH:  0    Dex: 13    Spells: 2/2 levels left

rFire   . . .      SeeInvis .    a - +0 long sword
rCold   . . .      Faith    .    (no shield)
rNeg    . . .      Spirit   .    f - +0 plate armour
rPois   .          Reflect  .    m - +1 hat
rElec   .          Rampage  .    (no cloak)
rCorr   .                        (no gloves)
Will    .....                    (no boots) Stlth
                                 (no amulet)
HPRegen 0.25/turn                (no ring)
MPRegen 0.08/turn                (no ring)

@: lethally poisoned (0 -> -3)
A: horns 2, retaliatory headbutt
a: no special abilities


You were on level 2 of the Dungeon.
You visited 1 branch of the dungeon, and saw 2 of its levels.

You collected 11 gold pieces.

Inventory:

Hand Weapons
 a - a +0 long sword (weapon)
Missiles
 d - 3 throwing nets (quivered)
 e - 7 javelins
Armour
 b - a +0 leather armour
 c - a +0 hat
 f - a +0 plate armour (worn)
 m - a +1 hat (worn)
Scrolls
 i - a scroll of identify {unknown}
 k - a scroll of enchant weapon {unknown}
 l - a scroll of magic mapping {unknown}
 n - a scroll of poison {unknown}
Potions
 g - a potion of haste {unknown}
 h - a potion of might {unknown}
 j - a potion of lignification {unknown}


   Skills:
 + Level 2.8 Fighting
 * Level 4.2 Long Blades
 + Level 2.3 Throwing
 + Level 0.9 Armour
 + Level 3.5 Dodging


You had 2 spell levels left.
You didn't know any spells.
Your spell library was empty.

Dungeon Overview and Level Annotations

Branches:
Dungeon (2/15)

Altars:

Annotations:
D:2 Robin


Innate Abilities, Weirdness & Mutations

You have a pair of horns on your head.
You reflexively headbutt those who attack you in melee.


Message History

You feel agile. x2
You closely miss the goblin. The goblin hits you but does no damage.
You slash the goblin!
You kill the goblin!
You hit the goblin.
The goblin is heavily wounded.
Robin throws the goblin at you! The goblin hits you but does no damage.
The goblin hits you with a +0 dagger of venom.
You are poisoned.
The goblin closely misses you. The goblin hits you but does no damage.
You barely miss the goblin.
The goblin is heavily wounded.
You feel very sick. The goblin barely misses you. You furiously retaliate!
You headbutt the goblin!
You kill the goblin!
The goblin hits you with a +0 club.
* * * LOW HITPOINT WARNING * * *
The goblin attacks as you move away! The goblin barely misses you.
* * * LOW HITPOINT WARNING * * *
You feel sick. Robin throws the goblin at you!
Things that are here:
a +0 dagger of venom; a goblin corpse You hit the goblin.
The goblin is moderately wounded.
* * * LOW HITPOINT WARNING * * *
You feel sick.
The hobgoblin no longer looks unusually strong.
The goblin hits you but does no damage.
Robin roars a battlecry!
The goblins go into a battle-frenzy!
The goblin hits you but does no damage.
You hit the goblin. You headbutt the goblin.
You kill the goblin!
* * * LOW HITPOINT WARNING * * *
You feel sick. The goblin hits you but does no damage.
You barely miss the goblin.
The goblin is heavily wounded.
* * * LOW HITPOINT WARNING * * *
You feel sick. The goblin hits you with a +0 club.
You die...

.. #........#.....#+####.##
...####........#..............
........................###.#.
.............##.........# #.#.
# .........g.).g........#.#
#.# ..
.>.......)g.#K#######.#.# #.#
##
........K...#g#.......#.###.#
............#g#.#.........#.#
###.........#@#....#.######.#
............)##...#.#
############.......#.#
#......##.#.# #.##...##.#.#
#.#....##.#.# # #.#..##.#.#
..<#..##...# #####..# ##


You could see Robin, a hobgoblin (strong), a goblin (strong) and a kobold.

Vanquished Creatures
  A worm (D:2)
  4 endoplasms
  A giant cockroach (D:1)
  9 goblins (D:2)
  4 hobgoblins
  4 kobolds
  A bat (D:1)
  A rat (D:1)
25 creatures vanquished.

Notes
Turn   | Place    | Note
-------+----------+-------------------------------------------
     0 | D:1      | a11behringer the Minotaur Gladiator began the quest for the
                  | Orb.
     0 | D:1      | Reached XP level 1. HP: 18/18 MP: 0/0
   200 | D:1      | Found a faded altar of an unknown god.
   256 | D:1      | Reached XP level 2. HP: 25/25 MP: 1/1
   606 | D:2      | Reached skill level 4 in Long Blades
   800 | D:2      | Noticed Robin
   814 | D:2      | Reached XP level 3. HP: 19/30 MP: 2/2
   821 | D:2      | Slain by a goblin

Illustrated notes

Levels and vault maps discovered:
D:1:      dpeg_arrival_circle_labyrinth_a, layout_rooms,
          dreamdust_ecumenical_altar_grove
D:2:      layout_basic, minmay_misc_feat_alley, uniq_robin

Skill      XL: |  1  2 |
---------------+-------+-----
Long Blades    | 4 |  4.2
Fighting       | |  2.8
Throwing       | |  2.3
Armour         | |  0.9
Dodging        | |  3.5

Action                     || total
---------------------------++-------
  Melee: Long sword        ||    53
         Headbutt          ||     6
 Armour: Leather armour    ||     7
         Plate armour      ||    49
  Dodge: Dodged            ||    19

Table legend: (Time is in decaauts)
 A = Elapsed time spent in this place.
 B = Non-inter-level travel time spent in this place.
 C = Inter-level travel time spent in this place.
 D = Time resting spent in this place.
 E = Time spent auto-exploring this place.
 F = Levels seen in this place.
 G = Mean time per level.
                   A        B        C        D        E       F      G
               +--------+--------+--------+--------+--------+-----+--------+
         Total |    831 |    735 |     96 |      0 |    578 |   2 |  415.5 |
       Dungeon |    831 |    735 |     96 |      0 |    578 |   2 |  415.5 |
               +--------+--------+--------+--------+--------+-----+--------+

Top non-repeatable levels by time:
     D:1: 534 daAuts
     D:2: 296 daAuts
